 Dungeon Crawl Stone Soup version 0.29-a0-330-g52719c12eb (webtiles) character file.

Game seed: 15769685633738902828

38 Crownlay the Digger (level 3, -2/21 HPs)
             Began as an Octopode Earth Elementalist on May 8, 2022.
             Slain by an adder (3 damage)
             ... on level 2 of the Dungeon.
             The game lasted 00:01:43 (1398 turns).

Crownlay the Digger (Octopode Earth Elementalist)   Turns: 1398, Time: 00:01:43

Health: -2/21      AC:  1    Str:  4 (7)  XL:     3   Next: 43%
Magic:  7/7        EV: 13    Int: 17 (19) God:
Gold:   76         SH:  0    Dex:  9 (12) Spells: 7/8 levels left

rFire   . . .      SeeInvis +   e - +0 dagger
rCold   . . .      Faith    .   (no shield)
rNeg    . . .      Spirit   .   (helmet restricted)
rPois   .          Reflect  .   (no amulet)
rElec   .          Harm     .   c - ring of see invisible
rCorr   .          Rampage  .   (no ring)
Will    .....                   (no ring)
Stlth   +++.......              (no ring)
HPRegen 0.07/turn               (no ring)
MPRegen 0.10/turn               (no ring)
                                (no ring)
                                (no ring)

@: lethally poisoned (-2 -> -4)
A: almost no armour, amphibious, 8 rings, camouflage 1, gelatinous body 1,
(nimble swimmer 1), tentacles
a: no special abilities


You were on level 2 of the Dungeon.
You visited 1 branch of the dungeon, and saw 2 of its levels.

You collected 76 gold pieces.

Inventory:

Hand Weapons
 e - a +0 dagger (weapon)
Missiles
 a - 60 stones
Jewellery
 c - a ring of see invisible (left tentacle)
 m - a ring of fire
Scrolls
 i - 2 scrolls of amnesia {unknown}
 j - a scroll of enchant weapon {unknown}
 k - a scroll of noise {unknown}
 l - a scroll of fear {unknown}
Potions
 b - a potion of magic
 d - a potion of brilliance {unknown}
 f - a potion of attraction {unknown}
 h - 2 potions of heal wounds {unknown}


   Skills:
 - Level 2.0 Dodging
 - Level 2.6 Stealth
 * Level 3.1 Spellcasting
 - Level 1.0 Transmutations
 + Level 3.5 Earth Magic


You had 7 spell levels left.
You knew the following spells:

 Your Spells              Type           Power      Damage    Failure   Level
a - Sandblast             Erth           28%        2d8       4%          1

Your spell library contained the following spells:

 Spells                   Type           Power      Damage    Failure   Level
 Passwall                 Tmut/Erth      8%         N/A       11%         2
 Corpse Rot               Necr/Air       4%         N/A       26%         2
 Poisonous Vapours        Pois/Air       4%         N/A       26%         2
 Stone Arrow              Conj/Erth      16%        3d8       26%         3
 Petrify                  Tmut/Erth      10%        N/A       56%         4


Dungeon Overview and Level Annotations

Branches:
Dungeon (2/15)

Altars:


Innate Abilities, Weirdness & Mutations

You cannot wear most types of armour.
You are amphibious.
You can wear up to eight rings at the same time.
Your skin changes colour to match your surroundings (Stealth+).
Your rubbery body absorbs attacks. (AC +1, EV +1)
((You are camouflaged when in or above water. (Stealth+)))
You have tentacles for arms and can constrict up to eight enemies at once.


Message History

a +0 club; a goblin corpse You now have 76 gold pieces (gained 11).
A worm and an adder come into view.
Found a stone staircase leading up.
There are monsters nearby!
A rat comes into view.
The adder hisses angrily.
The rat bites you.
You closely miss the adder. Your grab misses the adder. You squeeze the adder.
The adder is lightly wounded.
The adder closely misses you. The worm misses you. The rat bites you.
You closely miss the adder. Your grab misses the adder.
The adder is lightly wounded.
The adder bites you. The rat bites you.
You hit the adder. Your grab misses the adder.
The adder is moderately wounded.
The adder barely misses you. The worm barely misses you. The adder bites you.
You are poisoned.
The adder poisons you! The rat bites you.
You hit the adder but do no damage. Your grab misses the adder.
Your squeeze misses the adder.
The adder is moderately wounded.
You feel sick. The adder barely misses you. The worm bites you!
* * * LOW HITPOINT WARNING * * *
The rat misses you.
You are too injured to fight recklessly!
You are too injured to fight recklessly!
You are too injured to fight recklessly!
You are too injured to fight recklessly!
You are too injured to fight recklessly!
You are too injured to fight recklessly!
You are too injured to fight recklessly!
You are too injured to fight recklessly!
You are too injured to fight recklessly!
It was a potion of degeneration.
There was something very wrong with that liquid.
You feel weakened.
You feel dopey.
You feel clumsy.
* * * LOW HITPOINT WARNING * * *
You feel sick. The adder bites you.
You die...

... .#
...######.#
...........#
...........#
..........<#
...........#
........wr#
.......S@.+
..........# #+
..........# ..
..........# ..
..........# ^.
..........####
..
.............#
..
##...........#
..
#...........#


You could see a worm, an adder and a rat.

Vanquished Creatures
  A gnoll (D:1)
  A worm (D:2)
  3 ball pythons (D:1)
  An endoplasm (D:1)
  2 goblins
  6 hobgoblins
  3 jackals (D:1)
  A bat (D:2)
  3 kobolds
  2 rats
23 creatures vanquished.

Notes
Turn   | Place    | Note
-------+----------+-------------------------------------------
     0 | D:1      | Crownlay the Octopode Earth Elementalist began the quest
                  | for the Orb.
     0 | D:1      | Reached XP level 1. HP: 11/11 MP: 3/3
   351 | D:1      | Reached XP level 2. HP: 16/17 MP: 5/5
   660 | D:1      | Reached XP level 3. HP: 21/21 MP: 7/7
   763 | D:1      | Found a faded altar of an unknown god.
  1398 | D:2      | HP: 1/21 [poisoned by an adder]
  1398 | D:2      | Slain by an adder

Illustrated notes

Levels and vault maps discovered:
D:1:      dpeg_arrival_connections, layout_loops_ring,
          ebering_ecumenical_altar_abandoned
D:2:      layout_basic, minmay_misc_feat_rows

Skill      XL: |  1  2  3 |
---------------+----------+-----
Spellcasting   | 3 |  3.1
Dodging        | |  2.0
Stealth        | |  2.6
Transmutations | |  1.0
Earth Magic    | |  3.5

Action                   || total
-------------------------++-------
Melee: Unarmed           ||    12
       Dagger            ||    43
       Constrict         ||    14
       Tentacles         ||    14
 Cast: Sandblast         ||     8
  Use: Potion            ||     1
 Stab: Sleeping          ||     9
Armor: Skin              ||     3
Dodge: Dodged            ||    46

Table legend: (Time is in decaauts)
 A = Elapsed time spent in this place.
 B = Non-inter-level travel time spent in this place.
 C = Inter-level travel time spent in this place.
 D = Time resting spent in this place.
 E = Time spent auto-exploring this place.
 F = Levels seen in this place.
 G = Mean time per level.
                   A        B        C        D        E       F      G
               +--------+--------+--------+--------+--------+-----+--------+
         Total |   1396 |   1384 |     12 |      0 |   1203 |   2 |  698.0 |
       Dungeon |   1396 |   1384 |     12 |      0 |   1203 |   2 |  698.0 |
               +--------+--------+--------+--------+--------+-----+--------+

Top non-repeatable levels by time:
     D:1: 1036 daAuts
     D:2: 360 daAuts
